AoeStats
← daumasson

Pilgrims

510275930Analyzed
4v4 RM · 21h ago on Sep 30, 2026· 19m 22s· 8 players
Game mode
Random Map
Map size
Large (8 player)
Population
200
Speed
Normal
Resources
Standard
Victory
Conquest
Starting age
Dark Age
Ending age
Imperial Age
RankedLock teamsTeams togetherTeam positionsShared explorationLock speedFull tech treeHidden civsTurbo modeCheats
Victory
Defeat
🇳🇱 Persians · Netherlands
1630
+15
🇹🇼 Slavs · Taiwan
1535
+19
🇩🇪 Ethiopians · Germany
1507
+20
🇹🇼 Varangians · Taiwan
1437
+22
🇭🇰 Spanish · Hong Kong SAR China
1630
-20
🇭🇰 Lithuanians · Hong Kong SAR China
1606
-20
🇹🇷 Aztecs · Türkiye
1603
-19
🇮🇱 Varangians · Israel
1538
-17
mc 88
6:14 Loom
12:36 Feudal Age
17:49 Castle Age
17:58 Double-Bit Axe
19:17 Bow Saw
Wavelogic
9:03 Loom
10:50 Feudal Age
11:26 Double-Bit Axe
11:37 Loom
18:09 Castle Age
16:10 Fletching
18:06 Fishing Lines
19:05 Medium Warships
18:51 Bodkin Arrow
19:22 Bow Saw
Sakmelo
3:23 Loom
11:54 Feudal Age
15:38 Castle Age
19:04 Gold Mining
19:00 Double-Bit Axe
Itgetsdarker
7:40 Loom
10:18 Feudal Age
14:44 Castle Age
18:29 Double-Bit Axe
daumasson
4:32 Loom
11:03 Feudal Age
15:36 Castle Age
Komkommersla
4:04 Loom
14:03 Feudal Age
17:34 Castle Age
18:08 Double-Bit Axe
18:35 Gold Mining
Captain Jack Sparrow
5:48 Loom
12:40 Feudal Age
15:14 Forging
20:12 Castle Age
19:01 Double-Bit Axe
19:42 Stone Mining
Benjamin
4:36 Loom
10:04 Feudal Age
10:40 Man-at-Arms
17:31 Double-Bit Axe
18:26 Horse Collar
Connection lost

Rejoining the realm…

Still unreachable

The connection could not be restored.

Session expired

The server has moved on; the page needs a fresh start.